 Dungeon Crawl Stone Soup version 0.24.1-14-gf8d2b509d9 (console) character file.

Game seed: 3031926155109311075, levelgen mode: deterministic

227 Kagalorn the Covered (level 5, -3/47 HPs)
             Began as a Minotaur Wanderer on Feb 26, 2021.
             Was a Believer of Zin.
             Killed from afar by an orc wizard (9 damage)
             ... with a magic dart
             ... on level 4 of the Dungeon.
             The game lasted 00:05:47 (2892 turns).

Kagalorn the Covered (Minotaur Wanderer)            Turns: 2892, Time: 00:05:47

Health: -3/47      AC: 10    Str: 18    XL:     5   Next: 70%
Magic:  5/5        EV:  7    Int:  9    God:    Zin [**....]
Gold:   128        SH:  0    Dex:  9    Spells: 6/6 levels left

rFire    . . .     SeeInvis .   a - +2 dagger
rCold    . . .     Gourm    .   (no shield)
rNeg     . . .     Faith    .   b - +0 chain mail
rPois    .         Spirit   .   (helmet restricted)
rElec    .         Reflect  .   o - scarf {repulsion}
rCorr    .         Harm     .   B - +0 pair of gloves (curse)
MR       .....                  (no boots)
Stlth    ..........             (no amulet)
HPRegen  0.15/turn              (no ring)
MPRegen  0.09/turn              (no ring)

@: repel missiles
A: retaliatory headbutt, horns 2
a: Recite, Vitalisation, Donate Gold, Renounce Religion


You were on level 4 of the Dungeon.
You worshipped Zin.
Zin was pleased with you.
You were not hungry.

You visited 1 branch of the dungeon, and saw 4 of its levels.

You collected 142 gold pieces.
You donated 14 gold pieces to Zin.

Inventory:

Hand Weapons
 a - a +2 dagger (weapon)
 n - a +0 short sword of venom
Missiles
 h - 84 stones
 j - 21 poisoned darts (quivered)
 r - a throwing net
 u - 8 arrows
 v - 10 sling bullets
 z - 3 boomerangs
 C - 5 datura-tipped darts
Armour
 b - a +0 chain mail (worn)
 o - a scarf of repulsion (worn)
 B - a cursed +0 pair of gloves (worn)
Scrolls
 g - a scroll of magic mapping {unknown}
 m - 4 scrolls of identify {unknown}
 p - 2 scrolls of amnesia {unknown}
 q - 4 scrolls of remove curse {unknown}
 t - a scroll of immolation {unknown}
 w - 2 scrolls of teleportation {unknown}
 x - a scroll of enchant armour {unknown}
 y - a scroll of fear {unknown}
Potions
 c - a potion of berserk rage {unknown}
 d - 3 potions of might {unknown}
 e - a potion of haste {unknown}
 i - a potion of agility {unknown}
 k - a potion of invisibility {unknown}
 l - a potion of mutation {unknown}
 s - a potion of heal wounds {unknown}
 A - a potion of cancellation {unknown}
Comestibles
 f - 4 rations


   Skills:
 + Level 4.6 Fighting
 - Level 1.0 Throwing
 + Level 4.6 Armour
   Level 1.2 Shields
 - Level 1.0 Spellcasting
   Level 1.0 Conjurations
   Level 2.9 Summonings
   Level 1.5 Earth Magic


You had 6 spell levels left.
You didn't know any spells.
Your spell library contained the following spells:

 Spells                   Type           Power        Failure   Level  Hunger
 Summon Butterflies       Summ           #.......     78%         1    ##.....
 Pain                     Necr           #...         99%         1    ##.....
 Recall                   Summ/Tloc      N/A          100%        3    ####...
 Vampiric Draining        Necr           #.........   100%        3    ####...


Dungeon Overview and Level Annotations

Branches:
Dungeon (4/15)
 Temple: D:4-7

Altars:
Zin


Innate Abilities, Weirdness & Mutations

You reflexively headbutt those who attack you in melee.
You have a pair of horns on your head.


Message History

A magic dart appears from out of thin air!
The magic dart hits you!
Your chain mail prevents you from hitting the orc.
Something hits you but does no damage. The orc hits you but does no damage.
You barely miss the orc.
An orc comes into view. It is wielding a +0 whip.
You hear some strange, mumbled words.
A magic dart appears from out of thin air!
The magic dart hits you!
* * * LOW HITPOINT WARNING * * *
The orc hits you with a +0 trident.
* * * LOW HITPOINT WARNING * * *
You hit the orc.
The orc is lightly wounded.
Something hits you but does no damage.
You hit something. The orc hits you but does no damage.
You hear some strange, mumbled words.
A magic dart appears from out of thin air!
The magic dart hits you!
You die...

♣♣ ♣. . ♣♣♣ .. .. #.♣
.### ##..# ###.♣♣
..###...# ##....♣ #.....#
##..#### #...# ...##
##.o## ########## #..@o##
.........# ###.{.#
.........########..#####
..............####.....#
#######............##...#
########..#♣.♣ ....
##..#.# .%. #### ##.♣.♣
...############.....


You could see 2 orcs.

Vanquished Creatures
  An orc priest (D:3)
  Jessica (D:2)
  An orc wizard (D:3)
  6 adders
  2 oozes
  An adder skeleton (D:4)
  2 worms
  3 dart slugs
  A leopard gecko (D:2)
  10 orcs (D:3)
  3 ball pythons
  A giant cockroach (D:1)
  4 goblins
  5 hobgoblins
  4 jackals (D:1)
  A quokka (D:3)
  A ball python skeleton (D:4)
  6 bats
  4 frilled lizards
  2 kobolds
  7 rats
66 creatures vanquished.

Notes
Turn   | Place    | Note
-------+----------+-------------------------------------------
     0 | D:1      | Kagalorn the Minotaur Wanderer began the quest for the Orb.
     0 | D:1      | Kagalorn set off with the following items: a +2 dagger, 2
                  | curare-tipped darts, a +0 robe, a ration; and the following
                  | spells available to memorise: Summon Butterflies, Pain,
                  | Recall, Vampiric Draining
     0 | D:1      | Reached XP level 1. HP: 14/14 MP: 1/1
    10 | D:1      | You fall into a shaft and drop 1 floor!
    15 | D:2      | Reached skill level 1 in Fighting
    15 | D:2      | Reached skill level 1 in Armour
    15 | D:2      | Reached XP level 2. HP: 12/23 MP: 2/2
   766 | D:1      | Reached XP level 3. HP: 29/29 MP: 3/3
  1332 | D:2      | Reached XP level 4. HP: 35/38 MP: 4/4
  1374 | D:2      | Found a faded altar of an unknown god.
  1402 | D:2      | Became a worshipper of Zin the Law-Giver
  1402 | D:2      | Reached * piety under Zin
  1441 | D:2      | Noticed Jessica
  1459 | D:2      | Killed Jessica
  1692 | D:3      | Reached ** piety under Zin
  1937 | D:3      | Reached XP level 5. HP: 36/46 MP: 5/5
  2892 | D:4      | Killed from afar by an orc wizard

Levels and vault maps discovered:
D:1:      elethiomel_arrival_shortcut, layout_loops_corners
D:2:      layout_rooms, chequers_ecumenical_altar_island, uniq_jessica
D:3:      layout_basic, serial_curves, eino_curves_03, eino_curves_02
D:4:      layout_rooms, first_ration, serial_forest, infiniplex_forest_split,
          infiniplex_forest_zigzag_1, infiniplex_forest_lined_room_3,
          infiniplex_forest_clump_cross, infiniplex_forest_lined_3,
          infiniplex_forest_clump_tiny, infiniplex_forest_join,
          infiniplex_forest_straight_2

Skill      XL: |  1  2  3  4  5 |
---------------+----------------+-----
Fighting       | 1 2 3 4 |  4.6
Armour         | 1 2 3 4 |  4.6
Throwing       | |  1.0
Shields        | |  1.2
Spellcasting   | |  1.0
Conjurations   | |  1.0
Summonings     | |  2.9
Earth Magic    | |  1.5

Action                   |  1- 3 |  4- 6 || total
-------------------------+-------+-------++-------
Melee: Dagger            |    82 |   135 ||   217
       Headbutt          |     5 |    21 ||    26
Throw: Dart              |     6 |       ||     6
  Eat: Chunk             |     1 |     2 ||     3
       Ration            |       |     1 ||     1
Armor: Chain mail        |    46 |   122 ||   168
       Robe              |     3 |       ||     3
Dodge: Dodged            |    33 |    47 ||    80
       Deflected         |       |     3 ||     3
